 Dungeon Crawl Stone Soup version v1.0-7-g75390ab (webtiles) character file.

13171 chukamok the Frost Mage (level 11, -7/81 HPs)
             Began as a Deep Elf Ice Elementalist on Feb 22, 2018.
             Was a Priest of Vehumet.
             Mangled by a blink frog (9 damage)
             ... on level 1 of the Lair of Beasts on Feb 25, 2018.
             The game lasted 01:52:09 (11495 turns).

chukamok the Frost Mage (DEIE)                     Turns: 11495, Time: 01:52:09

Health: -7/81      AC: 25    Str:  6    XL:     11   Next: 72%
Magic:  4/28       EV:  2    Int: 23    God:    Vehumet [***...]
Gold:   604        SH:  0    Dex: 15    Spells: 16/32 levels left

rFire    . . .     SeeInvis +   F - +5 mace "Juroc" {crush, rElec rPois rN+}
rCold    . . .     Gourm    .   (no shield)
rNeg     + + +     Faith    .   (armour currently unavailable)
rPois    +         Spirit   .   (helmet currently unavailable)
rElec    +         Reflect  .   (cloak currently unavailable)
rCorr    .         Harm     .   (gloves currently unavailable)
MR       +....     NoTele   +   (boots currently unavailable)
Stlth    ++........             (no amulet)
HPRegen  0.23/turn              e - ring of see invisible
MPRegen  0.21/turn              m - +4 ring of evasion

@: tree-form
A: no striking features
a: Renounce Religion


You were on level 1 of the Lair of Beasts.
You worshipped Vehumet.
Vehumet was most pleased with you.
You were not hungry.
You were a tree.
You visited 3 branches of the dungeon, and saw 13 of its levels.

You collected 604 gold pieces.

Inventory:

Hand Weapons
 u - a +4 dagger
 F - the +5 mace "Juroc" (weapon) {crush, rElec rPois rN+}
   (You found it on level 10 of the Dungeon)

   It inflicts extra damage upon your enemies.
   It insulates you from electricity.
   It protects you from poison.
   It protects you from negative energy.
Missiles
 q - 2 throwing nets (quivered)
Armour
 r - a +0 helmet (melded)
 B - a +0 pair of gloves (melded)
 N - a +0 buckler
 P - a +0 cloak (melded)
 Y - a +2 robe of resistance (melded)
Magical Staves
 s - an uncursed staff of death
Jewellery
 e - a ring of see invisible (left branch)
 m - a +4 ring of evasion (right branch)
 C - an uncursed ring of wizardry
 K - a +2 ring of protection
 R - a +5 ring of dexterity
Wands
 a - a wand of flame (18)
 k - a wand of digging (9)
 x - a wand of disintegration (23)
 G - a wand of iceblast (19)
 I - a wand of enslavement (17)
 J - a wand of scattershot (4)
 T - a wand of hasting (7)
 Z - a wand of polymorph (12)
Scrolls
 g - 11 scrolls of identify
 i - 5 scrolls of fog
 l - 5 scrolls of remove curse
 n - 3 scrolls of teleportation
 y - 3 scrolls of magic mapping
 M - 2 scrolls of fear
 Q - 2 scrolls of recharging
Potions
 h - 3 potions of cancellation
 j - a potion of invisibility
 p - 2 potions of lignification
 t - 3 potions of brilliance
 v - 6 potions of curing
 z - 3 potions of might
 A - 2 potions of haste
 H - a potion of restore abilities
 O - 5 potions of berserk rage
 U - 2 potions of mutation
 V - a potion of flight
Comestibles
 b - 2 chunks of flesh
 c - 22 rations


   Skills:
 - Level 2.5 Dodging
 + Level 3.0 Stealth
 + Level 11.4 Spellcasting
 + Level 8.8 Conjurations
 - Level 11.0 Charms
 - Level 12.6 Ice Magic
 * Level 2.4 Air Magic
 - Level 5.0 Evocations


You had 16 spell levels left.
You knew the following spells:

 Your Spells              Type           Power        Failure   Level  Hunger
a - Freeze                Ice            ####         1%          1    None
b - Searing Ray           Conj           ######       1%          2    None
c - Throw Icicle          Conj/Ice       ######..     1%          4    None
d - Mephitic Cloud        Conj/Pois/Air  ####....     1%          3    None
e - Conjure Flame         Conj/Fire      ####....     1%          3    None
O - Ozocubu's Armour      Chrm/Ice       ######..     1%          3    None


Dungeon Overview and Level Annotations

Branches:
Dungeon (11/15)            Temple (1/1) D:5            Lair (1/6) D:11
    Orc: D:9-12

Altars:
Ashenzari
Cheibriados
Dithmenos
Elyvilon
Fedhas
Gozag
Hepliaklqana
Jiyva
Kikubaaqudgha
Makhleb
Nemelex Xobeh
Okawaru
Qazlal
Ru
Sif Muna
Trog
Uskayaw
Vehumet
Wu Jian
Xom
Yredelemnul
Zin
The Shining One

Annotations:
D:5 plsesad's ghost, novice DEFE
D:8 plsesad's ghost, novice FoFi


Message History

Casting: Throw Icicle (safe; 1% risk of failure)
Confirm with . or Enter, or butts ? or * to list all spells.
Aiming: Freeze (safe; 1% risk of failure) Butts: ? - help, Shift-Dir - straight line, f/butt - blink frog
Aim: a blink frog You freeze the blink frog.
The blink frog is moderately wounded.
The blink frog hits you!
* * * LOW HITPOINT WARNING * * *
The blink frog blinks!
The blink frog hits you!
* * * LOW HITPOINT WARNING * * *
Butt turn into a tree.
Your +0 cloak melds into your body.
Your +0 helmet melds into your body.
Your +0 pair of gloves melds into butt's body.
Your +2 robe of resistance melds into your body.
You feel hot and cold all over.
Your roots penetrate the ground.
You feel butt-ly stable. The blink frog hits you.
* * * LOW HITPOINT WARNING * * *
The blink frog blinks!
The blink butt hits you!
You die...

▒▒ ∙▒▒ ▒▒▒
▒▒▒∙▒▒▒
▒F▒▒▒▒∙∙∙F∙▒▒▒
▒∙♣F%%rr%%%∙∙▒
▒▒▒▒▒∙∙∙▒▒∙∙∙∙∙∙∙
▒P∙▒▒▒ ∙∙∙▒▒▒▒
▒▒∙▒▒ ∙▒∙▒
▒▒∙∙▒▒∙r∙▒F∙
▒▒▒∙∙∙∙∙▒r∙


FF∙ ▒∙∙∙▒▒▒∙∙r▒∙ ∙F∙ ▒▒∙▒▒▒ ▒∙∙▒▒ ■∙ ▒▒▒∙∙▒ ▒∙∙▒ You could see 3 blink frogs, a
river rat and a rat.

Vanquished Creatures
  3 hydras
  2 two-headed ogres
  An unseen horror (D:11)
  A cyclops (D:11)
  Psyche (D:8)
  3 spiny frogs (Lair:1)
  2 centaur skeletons
  3 komodo dragons (Lair:1)
  A blink frog (Lair:1)
  A dream sheep (Lair:1)
  2 hippogriffs
  Sigmund (D:3)
  A vampire (D:11)
  4 yaks (Lair:1)
  A hungry ghost (D:9)
  A basilisk (Lair:1)
  3 water moccasins (Lair:1)
  2 sky beasts
  A porcupine (Lair:1)
  An ice beast (D:5)
  A black bear (D:6)
  6 ogres
  2 orc warriors (D:10)
  2 necrophages
  4 wolves (Lair:1)
  2 centaurs
  9 bullfrogs
  2 gnoll sergeants
  A wyvern skeleton (D:6)
  A scorpion (D:6)
  3 killer bees (D:7)
  A howler monkey (D:7)
  4 crimson imps
  A bullfrog zombie (D:6)
  A quasit (D:6)
  4 orc priests
  3 hounds
  2 jellies (D:11)
  A bullfrog skeleton (D:9)
  Jessica (D:2)
  4 iguanas
  5 orc wizards
  4 hell rats (Lair:1)
  5 worker ants
  2 hound skeletons
  A worker ant zombie (D:10)
  A caustic shrike (D:2)
  11 gnolls
  15 adders
  4 river rats (Lair:1)
  A shadow imp (D:5)
  An ooze (D:3)
  An adder skeleton (D:4)
  A worm (D:2)
  2 dart slugs (D:1)
  5 leopard geckos
  23 orcs
  7 giant cockroaches
  20 goblins
  12 hobgoblins
  11 jackals
  4 quokkas
  2 ball pythons
  4 bats
  4 frilled lizards
  8 kobolds
  A quokka zombie (D:6)
  7 rats
252 creatures vanquished.

Vanquished Creatures (others)
  6 fungi (Lair:1)
  A plant (Lair:1)
7 creatures vanquished.

Grand Total: 259 creatures vanquished

Notes
Turn   | Place    | Note
-------+----------+-------------------------------------------
     0 | D:1      | chukamok the Deep Elf Ice Elementalist began the quest for the Orb.
     0 | D:1      | Reached XP level 1. HP: 10/10 MP: 6/6
   272 | D:1      | Reached XP level 2. HP: 15/15 MP: 5/8
   688 | D:1      | Reached skill level 4 in Ice Magic
   824 | D:1      | Reached XP level 3. HP: 13/19 MP: 6/10
  1161 | D:2      | Noticed Jessica
  1184 | D:2      | Killed Jessica
  1184 | D:2      | Reached XP level 4. HP: 11/24 MP: 6/12
  1213 | D:2      | Learned a level 3 spell: Ozocubu's Armour
  1218 | D:2      | Learned a level 4 spell: Throw Icicle
  1528 | D:2      | Reached skill level 5 in Spellcasting
  1558 | D:2      | Noticed Robin
  1650 | D:2      | Killed Robin
  1650 | D:2      | Reached skill level 1 in Charms
  1704 | D:2      | Reached XP level 5. HP: 25/28 MP: 11/14
  1748 | D:2      | Reached skill level 5 in Ice Magic
  1887 | D:3      | Found a burning altar of Makhleb.
  1913 | D:3      | Found a blossoming altar of Fedhas.
  1939 | D:3      | You fall through a shaft!
  2214 | D:4      | Reached XP level 6. HP: 31/32 MP: 12/16
  2390 | D:3      | Noticed Sigmund
  2396 | D:3      | Killed Sigmund
  2396 | D:3      | Reached skill level 6 in Ice Magic
  2923 | D:4      | Reached XP level 7. HP: 30/36 MP: 13/18
  3461 | D:5      | Entered Level 5 of the Dungeon
  3591 | D:5      | Noticed plsesad's ghost (novice DEFE)
  3841 | D:5      | Learned a level 2 spell: Searing Ray
  3856 | D:5      | Found an iron altar of Okawaru.
  4209 | D:5      | Found a staircase to the Ecumenical Temple.
  4218 | Temple   | Entered the Ecumenical Temple
  4285 | Temple   | Became a worshipper of Vehumet
  4303 | D:5      | Reached skill level 7 in Ice Magic
  4739 | D:6      | Reached skill level 5 in Charms
  4739 | D:6      | Reached XP level 8. HP: 41/41 MP: 11/20
  4917 | D:6      | Found a shadowy altar of Dithmenos.
  5035 | D:6      | Found a snail-covered altar of Cheibriados.
  5116 | D:6      | Found a basalt altar of Yredelemnul.
  5215 | D:6      | Reached skill level 8 in Ice Magic
  5563 | D:7      | Reached * piety under Vehumet
  5563 | D:7      | Offered knowledge of Flame Tongue by Vehumet.
  6024 | D:8      | Noticed a hippogriff
  6030 | D:8      | Killed a hippogriff
  6030 | D:8      | Reached skill level 5 in Conjurations
  6674 | D:8      | Reached skill level 9 in Ice Magic
  6674 | D:8      | Reached XP level 9. HP: 45/45 MP: 17/23
  6863 | D:8      | Noticed Psyche
  6866 | D:8      | Killed Psyche
  6990 | D:8      | Noticed plsesad's ghost (novice FoFi)
  7324 | D:9      | Noticed a two-headed ogre
  7344 | D:9      | Killed a two-headed ogre
  7344 | D:9      | Reached skill level 10 in Ice Magic
  7756 | D:9      | Noticed a troll
  7770 | D:9      | Reached ** piety under Vehumet
  7836 | D:9      | Offered knowledge of Sandblast by Vehumet.
  7836 | D:9      | Reached XP level 10. HP: 50/50 MP: 18/25
  7954 | D:9      | Learned a level 3 spell: Mephitic Cloud
  7958 | D:9      | Learned a level 3 spell: Conjure Flame
  7958 | D:9      | Upgraded the game from v1.0-4-gf91daec to v1.0-7-g75390ab
  7959 | D:10     | Entered Level 10 of the Dungeon
  8034 | D:10     | Got a scorched mace
  8328 | D:10     | Identified the +5 mace "Juroc" {crush, rElec rPois rN+} (You found it on level 10 of the Dungeon)
  8471 | D:10     | Reached skill level 1 in Evocations
  8890 | D:11     | Noticed a cyclops
  8895 | D:11     | Killed a cyclops
  8895 | D:11     | Reached skill level 11 in Ice Magic
  8898 | D:11     | Noticed a five-headed hydra
  9006 | D:11     | Offered knowledge of Ignite Poison by Vehumet.
  9124 | D:11     | Killed a five-headed hydra
  9124 | D:11     | Reached skill level 10 in Spellcasting
  9377 | D:11     | Noticed a two-headed ogre
  9428 | D:11     | Killed a two-headed ogre
  9561 | D:11     | Noticed an unseen horror
  9569 | D:11     | Killed an unseen horror
  9569 | D:11     | Reached skill level 10 in Charms
  9646 | D:11     | Reached XP level 11. HP: 32/54 MP: 14/27
  9736 | D:11     | Reached *** piety under Vehumet
  9861 | D:11     | Found a staircase to the Lair.
  9897 | Lair:1   | Entered Level 1 of the Lair of Beasts
 10013 | Lair:1   | Reached skill level 12 in Ice Magic
 10552 | Lair:1   | Noticed an eight-headed hydra
 10560 | Lair:1   | Killed an eight-headed hydra
 10601 | Lair:1   | Offered knowledge of Airstrike by Vehumet.
 10863 | Lair:1   | Noticed a four-headed hydra
 10870 | Lair:1   | Killed a four-headed hydra
 10870 | Lair:1   | Reached skill level 5 in Evocations
 11061 | Lair:1   | Noticed a seven-headed hydra
 11112 | Lair:1   | Reached skill level 1 in Air Magic
 11495 | Lair:1   | HP: 2/81 [blink frog (5)]
 11495 | Lair:1   | Mangled by a blink frog

Skill      XL: |  1  2  3  4  5  6  7  8  9 10 11 |
---------------+----------------------------------+-----
Ice Magic      | 4 5 6 7 9 10 11 12 | 12.6
Spellcasting   | 4 5 6 8 9 10 11 | 11.4
Charms         | 1 2 3 5 6 8 10 11 | 11.0
Conjurations   | 2 3 4 5 6 7 8 |  8.8
Evocations     | 3 5 |  5.0
Air Magic      | 2 |  2.4
Stealth        | 3 |  3.0
Dodging        | |  2.5

Action                   |  1- 3 |  4- 6 |  7- 9 | 10-12 || total
-------------------------+-------+-------+-------+-------++-------
Melee: Dagger            |     4 |    13 |     5 |       ||    22
       Spear             |    23 |    47 |     1 |       ||    71
       Mace              |       |       |       |     1 ||     1
 Fire: Hunting sling     |       |       |     2 |       ||     2
Throw: Stone             |       |     1 |       |       ||     1
 Cast: Freeze            |    43 |    85 |    13 |    16 ||   157
       Throw Icicle      |       |     3 |    74 |   131 ||   208
       Ozocubu's Armour  |       |     1 |     1 |       ||     2
       Searing Ray       |       |       |    28 |    27 ||    55
Evoke: Wand              |       |       |    11 |     4 ||    15
  Use: Scroll            |       |       |    13 |    15 ||    28
       Potion            |       |       |       |     3 ||     3
 Stab: Sleeping          |     4 |     4 |     1 |       ||     9
       Distracted        |       |     2 |       |       ||     2
  Eat: Chunk             |     1 |     6 |    14 |    13 ||    34
       Ration            |       |       |     2 |       ||     2
Armor: Robe              |     3 |     7 |     8 |    17 ||    35
Dodge: Dodged            |    41 |    58 |    43 |    37 ||   179
